[Event "FIDE Zonal 4-2 Open 2023"]
[Site "Dimbroko"]
[Date "2023.03.27"]
[Round "5.12"]
[White "De Gondo, Simplice Armel"]
[Black "AKA JUSTIN JEAN-ROBERT KOUMI"]
[Result "1-0"]
[ECO "D00"]
[WhiteElo "2086"]
[BlackElo "1833"]
[Annotator "TA"]
[PlyCount "47"]
[EventDate "2023.03.25"]
[EventType "swiss"]
[EventCountry "IVO"]
[SourceTitle "playchess.com"]
[Source "ChessBase"]
[SourceQuality "1"]
[TimeControl "40/5400+30:1800+30"]

1. d4 d5 2. e3 Nf6 3. Bd3 Nc6 4. f4 e6 5. c3 Bd7 6. Nd2 {[%emt 0:00:16] D00: 1 d4 d5: Unusual lines.} g6 7. Ngf3 Bg7 8. O-O {[%emt 0:00:02] White is better.} Qe7 (8... Ne7 $14 {was preferrable.}) 9. Ne5 O-O-O (9... O-O $14) 10. b4 $16 {[%emt 0:00:05][%cal Bb2b4,Bb4b5][%mdl 32] [#] White is more active.} Nxe5 $146 ({Predecessor:} 10... g5 11. a4 gxf4 12. exf4 h5 13. Ba3 Nxe5 14. fxe5 Ng4 15. b5 Qg5 {0-1 Gil,J (1560)-Rossi,P (1821) Corsica CC-B 2004 (7)}) 11. fxe5 Ne8 (11... Ng8 $16) 12. e4 (12. b5 $18) 12... dxe4 $2 {[%emt 0:07:17] [#]} (12... f6 $16 {was necessary.}) 13. Nxe4 $18 f6 {[%emt 0:01:00] Repels Bg5} 14. b5 fxe5 $2 (14... Kb8 15. a4 Bc8) 15. Bg5 Nf6 (15... Qa3 $142 16. Qb3 (16. Bxd8 Kxd8 17. dxe5 Bxe5 $18) 16... Bf8 17. Bxd8 Qxb3 18. axb3 Kxd8 19. Rxa7 exd4) 16. dxe5 Bxb5 17. exf6 Rxd3 18. fxe7 Rxd1 19. Raxd1 b6 20. Rd8+ Kb7 21. Rxh8 {[%emt 0:01:06][%cal Of1b1] [#] Rb1! would kill now. White is clearly winning.} Bxh8 22. Rf8 Bg7 23. e8=Q Bxe8 24. Rxe8 {[%emt 0:00:03] White took control after the opening.   Weighted Error Value: White=0.48/Black=1.06} 1-0

[Event "FIDE Zonal 4-2 Open 2023"]
[Site "Dimbroko"]
[Date "2023.03.29"]
[Round "6.1"]
[White "Nean, Franck Anderson"]
[Black "Ortega Amarelle, Mariano"]
[Result "1-0"]
[ECO "D07"]
[WhiteElo "1851"]
[BlackElo "2472"]
[Annotator "TA"]
[PlyCount "91"]
[EventDate "2023.03.25"]
[EventType "swiss"]
[EventCountry "IVO"]
[SourceTitle "playchess.com"]
[Source "ChessBase"]
[SourceQuality "1"]
[TimeControl "40/5400+30:1800+30"]

1. d4 d5 2. c4 Nc6 3. cxd5 Qxd5 4. e3 e5 5. Nc3 Bb4 6. a3 Bxc3+ 7. bxc3 exd4 {[%emt 0:03:27] D07: Queen's Gambit: Chigorin Defence.} 8. cxd4 Nf6 9. Ne2 Ne4 {[%emt 0:11:01] White is slightly better.} 10. Nf4 (10. Qa4 {simplifies} Nd6 11. Bb2 Qa5+ 12. Qxa5 Nxa5 13. Bc3) 10... Qa5+ 11. Bd2 Nxd2 12. Qxd2 {[%emt 0:00:07] [#]} O-O $146 ({Predecessor:} 12... Bd7 13. Bc4 O-O 14. Rb1 b6 15. Bd5 Rac8 16. Rc1 Qxd2+ 17. Kxd2 Na5 18. Rc3 c6 {½-½ Andersen,S (2159)-Klauner,T (2032) EU-Cup 34th Porto Carras 2018 (3.4)}) 13. Qxa5 Nxa5 14. Rc1 c6 15. Bd3 {[%emt 0:01:02] Black is weak on the dark squares} Rd8 16. O-O Rd6 17. h4 Bd7 18. Rc3 Rd8 19. f3 g6 20. g4 Kg7 21. Kf2 Be8 22. g5 h6 23. Rg1 b6 24. Be4 Bd7 25. Nd3 hxg5 26. hxg5 ({Stronger than} 26. Rxg5 f5 27. Nf4 fxe4 $17) 26... Rh8 27. Ne5 Rh2+ {[%emt 0:00:30] [#]} 28. Rg2 (28. Kg3 $1 $16 Rh5 29. f4) 28... Rxg2+ (28... Rh8 $14) 29. Kxg2 $16 Be8 30. Ng4 ({Better is} 30. Kf2 $16) 30... Rd8 31. Nf6 Kf8 32. f4 {[%emt 0:16:30] White has more active pieces.} Ke7 (32... Bd7 $1 $14) 33. f5 gxf5 34. Bxf5 Kd6 (34... c5 $16) 35. Kg3 {[%emt 0:04:05] e4 would be deadly.} Nb7 (35... b5 $142 36. Rc5 Ke7) 36. e4 {[%emt 0:01:51][%cal Be3e4,Be4e5][%mdl 32] Strongly threatening e5+.} Na5 $2 (36... Ke7) 37. Kf4 $18 Ke7 38. d5 cxd5 39. Nxd5+ (39. exd5 $142 b5 40. Rc7+ Kd6 41. Nxe8+ Rxe8 42. Rd7+ Kc5 43. Rxf7) 39... Kd6 (39... Kf8 40. Rc7 a6 41. Nxb6 Nc6) 40. e5+ {[%emt 0:00:13] White is clearly winning.} ({Weaker is} 40. Rc7 Nc6 $14) 40... Kxd5 41. Rd3+ {[%emt 0:30:06][%mdl 64] [#] Skewer} Kc5 42. Rxd8 Ba4 43. e6 fxe6 44. Bxe6 Nc6 45. Rd5+ Kc4 46. Ra5+ {[%emt 0:04:34] Weighted Error Value: White=0.25 (precise) /Black=0.32} 1-0

[Event "FIDE Zonal 4-2 Open 2023"]
[Site "Dimbroko"]
[Date "2023.03.29"]
[Round "6.2"]
[White "Thomas, Saah"]
[Black "Cogan, Nicolas"]
[Result "0-1"]
[ECO "B23"]
[WhiteElo "1916"]
[BlackElo "2013"]
[Annotator "TA"]
[PlyCount "146"]
[EventDate "2023.03.25"]
[EventType "swiss"]
[EventCountry "IVO"]
[SourceTitle "playchess.com"]
[Source "ChessBase"]
[SourceQuality "1"]
[TimeControl "40/5400+30:1800+30"]

1. e4 c5 2. Nc3 Nc6 3. f4 g6 4. Bc4 Bg7 5. Nf3 e6 6. O-O Nge7 7. Qe1 O-O 8. d3 Nd4 9. Nxd4 cxd4 10. Ne2 d5 11. Bb3 dxe4 12. dxe4 b6 13. Ng3 {[%emt 0:00:43] B23: Closed Sicilian: Lines without g3.} a5 14. a4 Qc7 15. Bd2 {[%emt 0:01:11] [#] Black has an edge.} h5 $146 ({Predecessor:} 15... Qc6 16. Rf3 Bd7 17. Kh1 Rad8 18. Qf1 Qb7 19. Qd3 Bc6 20. Rf2 Bd7 21. Re1 Bc8 {1-0 Woloch,O (1706)-Zolkiewski,J (1489) POL Olympiad U14 2013 (5.5)}) 16. Rd1 (16. f5 $11 exf5 17. Bg5) 16... h4 (16... Qc6 $15) 17. Nh1 $11 Bb7 18. Rf3 Qc6 (18... Rfe8 $11) 19. Nf2 (19. Qxh4 $16 Qxe4 20. Qxe7) 19... b5 20. axb5 Qxb5 21. Ng4 (21. Ba2 $11 {remains equal.}) 21... Qh5 (21... a4 $17 22. Ba2 (22. Rh3 $2 axb3 23. c4 dxc3 $19) 22... Qxb2) 22. h3 Rfc8 {[%emt 0:08:50] White must now prevent ...a4.} 23. Ra1 Rc5 (23... Nf5 $1 $11) 24. Nf2 $14 Kh8 (24... Rcc8 $14) 25. Nd3 {[%emt 0:00:12] f5 would be deadly.} Rcc8 26. Rf2 (26. Rxa5 $6 Rxa5 27. Bxa5 Bxe4 28. Qxe4 Qxa5 $11) 26... Kg8 (26... Bc6 $16) 27. Ra3 $2 (27. Rxa5 Rxa5 28. Bxa5 Bxe4 $11) (27. f5 $1 $18) 27... Bc6 $2 (27... Bf6 $14) 28. e5 $2 (28. Rxa5 Rxa5 29. Bxa5 Bxe4 $11) (28. f5 $1 $18) 28... a4 $1 $17 29. Ba2 Nf5 30. b4 Bb5 31. Nc5 Ng3 32. Raf3 Rd8 33. Nb7 Rd7 34. Nd6 {[%emt 0:00:03] [#]} Bc6 {[%emt 0:00:14] Some like it hot} ({Black should play} 34... Rxd6 $1 $17 35. exd6 Rc8) 35. Rd3 {[%emt 0:00:25] [#]} ({White must play} 35. c4 $1 $15) 35... Rxd6 $1 $19 36. exd6 Ne4 37. Rf1 Nxd6 (37... Rd8 $17 38. Ra3 Qb5) 38. Qd1 $2 {[%emt 0:00:44] White is weak on the light squares} (38. Bxe6 $2 Re8 39. Bg4 Rxe1 $19) ({Only move:} 38. c4 $1 $15) 38... Qf5 39. Be1 Be4 {[%emt 0:00:28] Prevents c4} ({Better is} 39... Bb5 $19 40. Bxh4 Bxd3 41. Qxd3 Rc8) 40. Bxh4 $17 Bxd3 41. cxd3 Qb5 {[%emt 0:03:05] And now ...Nf5 would win.} 42. Qd2 (42. g4 $17 {was necessary.}) 42... Rc8 43. Be7 Nf5 44. Bc4 Qb7 45. Bc5 Bf8 (45... Ra8 $19 46. Rf2 Ne3) 46. Bxf8 Kxf8 (46... Rxf8 $17 47. b5 Ne3) 47. b5 $1 $11 Ne3 48. Qb4+ $1 Kg8 49. Rf2 Nd1 50. Rd2 Nc3 51. Rb2 Qb6 $36 {[%emt 0:00:34][%mdl 2048] Keeping White busy. Black has more active pieces.} 52. Qe7 Ra8 (52... Qc7 $17 53. Qxc7 {[%mdl 64] Remove Defender} Rxc7) 53. Qa3 (53. f5 $11 gxf5 54. Qg5+ Kf8 55. Rf2) 53... Ra5 54. g4 (54. Rf2 $17) 54... Ra8 (54... Nxb5 55. Qb4 $11 (55. Qe7 $2 a3 $17)) (54... Qb8 $19 55. Rf2 Nd1) 55. Rg2 (55. f5 $1 $15) 55... Nxb5 56. Qe7 (56. Qb4 $17 {was the only defense.} Rb8 57. Qxa4) 56... Nd6 (56... Qd6 $142 57. Qxd6 Nxd6) 57. Ba2 Qd8 ({Black should try} 57... Kg7 $19 {Hoping for ...Rc8.} 58. Re2 (58. Bxe6 $2 Re8 $19 {[%mdl 64] Skewer}) 58... Ra7) 58. Qxd8+ $17 Rxd8 {[%emt 0:00:00][%mdl 4096] Endgame KRB-KRN} 59. f5 exf5 $19 60. gxf5 Kg7 (60... Nxf5 61. Rxg6+ Kh7 62. Ra6 $11) 61. fxg6 fxg6 62. Kf2 Kf6 63. Rg4 Nf5 64. Rg1 $2 (64. Re4 $17) 64... Rc8 {[%emt 0:00:32] aiming for ...Rc2+.} ({Don't go for} 64... Rh8 $2 65. Ra1 $19) 65. Bd5 Ke5 66. Be4 $2 (66. Bf7) 66... a3 67. Rb1 Kf4 {[%emt 0:00:42] Black mates.} 68. Ra1 Rc2+ 69. Kg1 Kg3 70. Kf1 Ne3+ ({Not} 70... Kxh3 71. Rxa3 Ng3+ 72. Ke1 $17) 71. Ke1 Rf2 (71... Kxh3 $2 {loses.} 72. Rxa3 g5 73. Ra8 $19) 72. Rc1 a2 73. Bxg6 Rf1+ {[%emt 0:00:25] A wild game.   Weighted Error Value: White=0.39/Black=0.38} 0-1

[Event "FIDE Zonal 4-2 Open 2023"]
[Site "Dimbroko"]
[Date "2023.03.29"]
[Round "6.3"]
[White "Abdulraheem Abdulrahman Akinto"]
[Black "Ble, Kouko Hubert"]
[Result "1-0"]
[ECO "E38"]
[WhiteElo "2302"]
[BlackElo "1825"]
[Annotator "TA"]
[PlyCount "123"]
[EventDate "2023.03.25"]
[EventType "swiss"]
[EventCountry "IVO"]
[SourceTitle "playchess.com"]
[Source "ChessBase"]
[SourceQuality "1"]
[TimeControl "40/5400+30:1800+30"]

1. d4 Nf6 2. c4 e6 3. Nc3 Bb4 4. Qc2 c5 5. dxc5 Bxc5 6. Nf3 Nc6 7. Bg5 h6 8. Bh4 g5 9. Bg3 d5 {[%emt 0:02:50] E38: Nimzo-Indian: Classical: 4...c5.} 10. e3 {[%emt 0:00:51] [#]} Bd6 $146 (10... Qe7 $142) ({Predecessor:} 10... Ne4 11. cxd5 Nxg3 12. hxg3 Nb4 13. Bb5+ Ke7 14. Qd2 Nxd5 15. Rd1 a6 16. Bc4 Nb6 17. Qxd8+ Rxd8 {½-½ Peptan,C (2366)-Doluhanova,E (2278) ROM-chT (Women) 2022 (1.9)}) 11. O-O-O $16 Bxg3 {[%emt 0:05:35] White is clearly better.} 12. hxg3 g4 13. Nh4 (13. Nd4 $16) 13... Bd7 $1 $14 14. cxd5 Nb4 15. Qb3 Nbxd5 16. Bb5 (16. Qxb7 Nxc3 17. bxc3 O-O $17) ({White should try} 16. Nxd5 $14 Nxd5 17. Bc4) 16... Qc7 ({Better is} 16... Nxc3 $15 17. bxc3 Qb6 18. Bxd7+ Nxd7) 17. Bxd7+ $11 Nxd7 18. Nf5 {[%emt 0:03:18][%cal Ob3a3,Bh4f5,Bf5d6,Bd6b7,Bb7d6][%mdl 96] Deflection} Nxc3 (18... O-O-O $5 19. Qc2 (19. Nxh6 Nc5 $15) (19. Nd6+ Qxd6 20. e4 Nc5 $15) 19... Nxc3 20. Nd6+ Kb8 21. Qxc3 (21. bxc3 Ne5 $17) 21... Ne5 22. Qxc7+ Kxc7 23. Nb5+ Kb6 $11) 19. Nd6+ Ke7 20. bxc3 Nc5 (20... Rad8 $1 $14 21. Nxb7 (21. Qxb7 $2 Qxc3+ 22. Kb1 Rb8 $19) 21... Rb8 22. Qb4+ Kf6 23. Qd4+ Ne5) 21. Qb4 $1 $16 {[%emt 0:01:50] Qf4 would be deadly.} Rad8 {[%emt 0:00:00] [#]} 22. Nxb7 {[%emt 0:14:33][%mdl 64] Pin, Discovered Attack} Rc8 (22... Rxd1+ 23. Rxd1) 23. Nd6 {[%emt 0:01:10] White is much more active.} (23. Nxc5 $6 Qxc5 24. Kd2 (24. Qxg4 $2 Qxc3+ 25. Kb1 Rb8+) 24... Rhd8+ 25. Ke1 Qxb4 26. cxb4 Rxd1+ 27. Kxd1 Rc4 $11) 23... Rb8 24. Qf4 (24. Qxg4 Qa5 25. Qd4 Ne4 26. Nxe4 (26. Qxe4 $2 Qxc3+ 27. Qc2 Qa3+ 28. Kd2 Rb2 $19) 26... Qa3+ 27. Kc2 (27. Kd2 Rhd8 $17) 27... Rb2+ 28. Kd3 Qa6+ 29. c4 Qa3+ 30. Nc3 Rd8 $15) (24. Nb5 $6 a5 25. Qd4 (25. Qxg4 $2 Rxb5 26. Qh4+ f6 $19) 25... Rxb5 $11) 24... Nb3+ {[%emt 0:00:00][%mdl 64] Discovered Attack} 25. Kc2 $1 {[%emt 0:00:53] Chess con chili.} (25. axb3 $2 Qxc3+ 26. Kb1 Rxb3+ 27. Ka2 Qb2#) 25... Na1+ {[%emt 0:05:00][%mdl 64] Deflection} 26. Rxa1 {[%emt 0:48:11] White wants to mate with Rad1.} Qxd6 27. Qxd6+ (27. Qxg4 Rhd8 28. Qe2 (28. Rxh6 $2 Qd2#) (28. Rhd1 $2 Qa3 $19) 28... Rdc8 $15) 27... Kxd6 {[%emt 0:00:00][%mdl 4096] Endgame KRR-KRR} 28. Rab1 Rb6 29. Rxb6+ axb6 {[%emt 0:00:00] KR-KR} 30. Kb3 Kc5 (30... h5 $142) 31. Rd1 h5 32. Rd4 f5 33. Rc4+ Kd5 34. Kb4 e5 ({Black should play} 34... Ra8 35. Rd4+ Kc6) 35. Kb5 $1 Rh6 (35... h4 $16 36. f3 gxf3 37. gxf3 f4 38. e4+ (38. exf4 $2 h3 $19) 38... Kd6 39. gxh4 (39. Kxb6 $2 fxg3 40. Rc6+ Ke7 $19) 39... Rxh4 40. Kxb6 Rh3) 36. Rb4 {[%emt 0:00:00] aiming for c4+.} Rd6 (36... Rc6 $142 37. a4 Rxc3 38. Kxb6 Rc6+ 39. Kb7 Re6) 37. c4+ $18 Ke6 38. Ka6 Rd2 39. Rxb6+ Kd7 {[%emt 0:00:26] [#]} 40. Kb7 $1 {[%emt 0:00:00] Threatens to win with c5.} Rc2 {[%emt 0:01:27] [#]} 41. Rb5 $2 ({Only move:} 41. a4 $1 $18) 41... Rxa2 $11 42. f4 exf4 43. exf4 (43. Rxf5 Rb2+ 44. Ka6 fxg3 45. Rxh5 Rxg2 46. Rh7+ Kc6 47. Rh6+ Kc5 $19) 43... Rxg2 44. Rxf5 Rxg3 45. Rd5+ Ke6 {[%emt 0:00:41] Hoping for ...h4.} 46. Rxh5 Rc3 47. c5 Rb3+ 48. Kc7 Rb4 49. c6 {[%emt 0:00:00] Strongly threatening Re5+.} Rxf4 (49... g3 {looks sharper.} 50. Re5+ Kf6 51. Rg5 Rb3) 50. Kb7 Rb4+ 51. Kc8 Rc4 52. c7 g3 53. Kb7 (53. Rg5 $5 Rc3 $8 54. Kb7 Rb3+ 55. Kc6 Rc3+ 56. Kb7 Rb3+ 57. Kc6 Rc3+ 58. Kb7 $11) 53... Rb4+ (53... g2 $5 54. Rg5 $8 (54. c8=R $2 {loses.} Rb4+ 55. Kc6 g1=Q $19) 54... Rb4+ 55. Kc6 Rc4+ 56. Kb6 Kd7 $11) 54. Kc6 Rc4+ 55. Kb6 (55. Rc5 {gets mated.} Rxc5+ 56. Kxc5 Kd7 57. Kd4 g2 58. c8=R g1=Q+ 59. Kc4 Kxc8 60. Kd3 Kd7 61. Ke2 Kd6 62. Kf3 Ke5 63. Ke2 Ke4 64. Kd2 Qc5 65. Ke1 Ke3 66. Kf1 Qg5 67. Ke1 Qg1#) 55... Kd7 (55... g2 $5 56. Rg5 $8 Kd6 $11) 56. Rd5+ Ke6 57. Rg5 Rc3 {[%emt 0:00:08][%mdl 8192] [#]} (57... Kd7 $11) 58. Rxg3 $3 $18 {[%emt 0:00:18][%mdl 576] Promotion} Rc1 (58... Rxg3 59. c8=Q+) 59. Kb7 {[%emt 0:00:46] White mates.} Rb1+ 60. Kc8 Rb5 61. Re3+ Kf7 62. Kd7 {[%emt 0:00:15] A superb game by Abdulraheem Abdulrahman Akinto.   Weighted Error Value: White=0.14 (very precise) /Black=0.32} 1-0

[Event "FIDE Zonal 4-2 Open 2023"]
[Site "Dimbroko"]
[Date "2023.03.29"]
[Round "6.4"]
[White "Barcon, Harmon"]
[Black "James, Tondo"]
[Result "1-0"]
[ECO "A34"]
[WhiteElo "1928"]
[BlackElo "1867"]
[Annotator "TA"]
[PlyCount "44"]
[EventDate "2023.03.25"]
[EventType "swiss"]
[EventCountry "IVO"]
[SourceTitle "playchess.com"]
[Source "ChessBase"]
[SourceQuality "1"]
[TimeControl "40/5400+30:1800+30"]

1. Nf3 c5 2. c4 Nf6 3. Nc3 Nc6 4. e3 d6 5. d4 Bg4 {[%emt 0:00:15] [#]} 6. Be2 $1 {[%emt 0:00:18] A34: Symmetrical English: 2 Nc3, lines with ...d5.} g6 7. O-O Bg7 8. h3 {[%emt 0:04:21] White is slightly better.} Bf5 {[%emt 0:03:59] [#]} 9. Bd3 $146 ({White should try} 9. d5 $16) ({Predecessor:} 9. d5 Na5 10. Nd2 e5 11. b3 O-O 12. Bb2 a6 13. e4 Bd7 14. Qc2 Rb8 15. Rae1 {½-½ Real de Azua,E (2443)-Mahia,G (2366) ARG-ch 89th Saenz Pena 2014 (3)}) 9... O-O 10. Bxf5 gxf5 11. Qd3 (11. d5 $5 Ne5 12. Nxe5 dxe5 13. b3 $14) 11... e6 12. Rd1 cxd4 13. exd4 Nd7 (13... d5 $14) 14. Bf4 $16 Qe7 15. Re1 {[%emt 0:04:22] aiming for Nd5. White is more active.} a6 {[%emt 0:03:50] [#]} (15... Rfc8 $16 16. Nb5 e5) 16. Rad1 $2 (16. Nd5 $1 $18 {[%cal Rd5e7] is more deadly.} Qd8 17. Bxd6) 16... Rad8 $2 {[%emt 0:03:26][%mdl 8192] A mistake that costs the game.} (16... Rfe8 $16 {is more resistant.}) 17. Nd5 $18 {[%emt 0:05:34][%mdl 64] Pin, Deflection} Qe8 18. Bxd6 Nde5 {[%emt 0:02:06] Black is weak on the dark squares} (18... Ndb8 $142 19. c5 Rxd6 20. cxd6 Qd8) 19. dxe5 exd5 20. cxd5 Ne7 21. Bxe7 Qxe7 22. Qxf5 {[%emt 0:00:04] Threatens to win with Ng5.} h6 {[%emt 0:01:26] Dodges Ng5.   Weighted Error Value: White=0.18 (very precise) /Black=0.65} 1-0

[Event "FIDE Zonal 4-2 Open 2023"]
[Site "Dimbroko"]
[Date "2023.03.29"]
[Round "6.5"]
[White "Manan, Yoboue Hermann"]
[Black "Kennedy Zinnah Kengo"]
[Result "1-0"]
[ECO "E48"]
[WhiteElo "2015"]
[BlackElo "1785"]
[Annotator "TA"]
[PlyCount "71"]
[EventDate "2023.03.25"]
[EventType "swiss"]
[EventCountry "IVO"]
[SourceTitle "playchess.com"]
[Source "ChessBase"]
[SourceQuality "1"]
[TimeControl "40/5400+30:1800+30"]

1. d4 Nf6 2. c4 e6 3. Nc3 Bb4 4. e3 O-O 5. Bd3 c5 6. Nge2 Nc6 7. O-O d5 8. cxd5 exd5 9. a3 cxd4 10. exd4 Bd6 11. h3 h6 {[%emt 0:00:57] E48: Nimzo-Indian: Rubinstein: 5 Bd3 d5 including 6 Ne2, but excluding 6 a3.} 12. Be3 {[%emt 0:02:10] [#]} a6 $146 ({Predecessor:} 12... Re8 13. Rc1 a6 14. Bb1 Bf8 15. Nf4 Ne7 16. Qf3 Qd6 17. Ba2 Rd8 18. Nd3 g5 19. Ne5 {0-1 Pacher,M (2442)-Lewtak,D (2380) Lvov Vasylyshyn Memorial 16th 2019 (7)}) 13. Ng3 Re8 {[%emt 0:10:38] [#] White must now prevent ...Bxg3. The position is equal.} 14. Qf3 Be6 15. b4 Nh7 16. Nf5 (16. Nxd5 $2 {too greedy.} Bxd5 17. Qxd5 Bxg3 $19) 16... Bf8 17. Qg3 Bxf5 18. Bxf5 Bd6 (18... g6 $11) 19. Bxh7+ $14 Kxh7 20. Qf3 Qh4 21. Rad1 (21. Qxd5 {looks sharper.} Rad8 22. Qxf7 Nxd4 23. Rad1) 21... Kg8 22. Nxd5 Rad8 23. Nc3 Bb8 24. d5 Ne5 25. Qf5 $36 {[%emt 0:00:51][%mdl 2048] White is more active.} Nc4 26. Bd4 ({But not} 26. Rd4 Nxe3 27. fxe3 Qg3 $17) 26... Be5 27. Bxe5 Rxe5 28. Qf3 Rd6 (28... b5 $11) 29. Ne2 (29. a4 $16) 29... Rg5 $2 {[%emt 0:03:21][%mdl 8192] A mistake that costs the game.} (29... Rf6 $11 {and Black is okay.} 30. Qg3 Qxg3 31. Nxg3 Rd6) 30. Rd4 $18 {[%emt 0:00:26] White is clearly winning.} Ne5 31. Qe3 Qh5 32. Nf4 Qf3 33. Qxe5 Rdg6 {[%emt 0:00:06] [#]} (33... Qxg2+ $142 34. Nxg2 Rxe5) 34. Qxg5 $3 Rxg5 35. d6 Qc3 36. Rfd1 {[%emt 0:00:00] A superb game by Manan.   Weighted Error Value: White=0.19 (very precise) /Black=0.49} 1-0

[Event "FIDE Zonal 4-2 Open 2023"]
[Site "Dimbroko"]
[Date "2023.03.29"]
[Round "6.6"]
[White "David Leroy Debblay"]
[Black "Amako Marc Arnold"]
[Result "0-1"]
[ECO "A13"]
[WhiteElo "1823"]
[BlackElo "1647"]
[Annotator "NA RC COMBH"]
[PlyCount "100"]
[EventDate "2023.03.25"]
[EventType "swiss"]
[EventCountry "IVO"]
[SourceTitle "playchess.com"]
[Source "ChessBase"]
[SourceQuality "1"]
[TimeControl "40/5400+30:1800+30"]

1. Nf3 Nf6 2. b3 d5 3. Bb2 Nbd7 4. e3 e6 5. c4 Be7 6. Be2 O-O 7. Na3 c5 8. O-O b6 9. Rc1 Bb7 10. Nc2 dxc4 11. bxc4 Qc7 12. Nce1 Rad8 13. Qc2 e5 14. d3 Rfe8 15. e4 Bd6 16. h3 Nf8 17. Qd2 Ne6 18. Nc2 Nf4 19. Kh2 Bc8 20. Ng1 Qd7 21. Ne3 Bf8 22. Nd5 N6xd5 23. cxd5 g6 24. Bg4 f5 25. Bd1 Ba6 26. Be2 Qb5 27. Rc3 fxe4 28. Rb3 Qa5 29. Bc3 Qa4 30. Bd1 Qd7 31. Re1 Qxd5 32. Ra3 Bxd3 33. g3 Ne6 34. Rxa7 Ra8 35. Bb3 c4 36. Rxa8 Rxa8 37. Bd1 Bc5 38. h4 Bd4 39. Bg4 Bxc3 40. Qxc3 Rxa2 41. Nh3 Nd4 42. Qb4 Qc5 43. Qc3 Nb3 44. Rg1 Qa5 45. Be6+ Kg7 46. Qe1 Qxe1 47. Rxe1 Ra1 48. Re3 Nd4 49. Bxc4 Bxc4 50. Rxe4 Bd5 0-1

[Event "FIDE Zonal 4-2 Open 2023"]
[Site "Dimbroko"]
[Date "2023.03.29"]
[Round "6.7"]
[White "Egbe, Kossi Thierry"]
[Black "Daniel Kolliemelen"]
[Result "1-0"]
[ECO "B01"]
[WhiteElo "1740"]
[BlackElo "1805"]
[Annotator "NA RC COMBH"]
[PlyCount "45"]
[EventDate "2023.03.25"]
[EventType "swiss"]
[EventCountry "IVO"]
[SourceTitle "playchess.com"]
[Source "ChessBase"]
[SourceQuality "1"]
[TimeControl "40/5400+30:1800+30"]

1. e4 d5 2. exd5 Nf6 3. d4 Nxd5 4. c4 Nf6 5. g3 e6 6. Bg2 c6 7. Nc3 h5 8. Bg5 Be7 9. Nf3 b6 10. O-O Bb7 11. Re1 Nbd7 12. Qe2 Kf8 13. Rad1 g6 14. Ne5 Qc7 15. Nxf7 Rh7 16. Bf4 Qc8 17. Ng5 Rh8 18. Qxe6 Qe8 19. Bd6 Ng8 20. Re3 Bxd6 21. Qxd6+ Ne7 22. Rde1 Kg8 23. Rxe7 1-0

[Event "FIDE Zonal 4-2 Open 2023"]
[Site "Dimbroko"]
[Date "2023.03.29"]
[Round "6.8"]
[White "Bobby Ballah"]
[Black "Foday W. Kondoh"]
[Result "0-1"]
[ECO "E01"]
[WhiteElo "1914"]
[BlackElo "1727"]
[Annotator "TA"]
[PlyCount "62"]
[EventDate "2023.03.25"]
[EventType "swiss"]
[EventCountry "IVO"]
[SourceTitle "playchess.com"]
[Source "ChessBase"]
[SourceQuality "1"]
[TimeControl "40/5400+30:1800+30"]

1. d4 e6 2. c4 d5 3. Nf3 Nf6 4. g3 c5 5. cxd5 exd5 6. dxc5 {[%emt 0:00:24] E01: Catalan: Early deviations.} Bxc5 7. Bg2 O-O 8. O-O Be6 (8... Nc6 {is interesting.} 9. Qc2 Ne4 10. Nc3 Nb4) 9. Nc3 h6 {[%emt 0:01:16] [#]} 10. Na4 $146 ({Predecessor:} 10. e3 a6 11. a3 Nc6 12. Na4 Ba7 13. b4 b5 14. Nc5 a5 15. Nb7 Qc7 16. Nxa5 Nxa5 17. bxa5 Qxa5 18. a4 b4 19. Bb2 Ng4 {½-½ Zorn,N-Dernbecher,K Rangliste 1400-1700 21916 2019}) 10... Bd6 11. Nd4 Nc6 12. Nxe6 fxe6 13. Nc3 Rc8 14. e3 a6 15. a3 Ne5 (15... Qe8 $11) 16. Ne2 (16. e4 $14) 16... Qd7 17. Nd4 Nc6 18. Bh3 Nxd4 19. exd4 Rce8 20. Qb3 Qf7 21. Be3 Qh5 22. Bg2 (22. Kg2 $5 ) 22... Ng4 {[%emt 0:01:40][%csl Gg4][%cal Rh5h2] [#]} 23. h3 Nxe3 24. Qxe3 Rf6 25. Rac1 Ref8 26. Rc2 Qg6 27. Rfc1 Kh7 28. f4 a5 29. Qc3 Kh8 30. Rf2 (30. Qxa5 $2 {too greedy.} Qxg3 31. Qc3 Qxf4 $19) 30... R6f7 {[%emt 0:00:52] [#] Strongly threatening ...Rc7.} 31. Re1 (31. Qxa5 $2 {loses.} Qxg3 32. Qc3 Qg6 $19) 31... Rc7 {[%emt 0:08:28][%mdl 32768] Weighted Error Value: White=0.12 (very precise) /Black=0.13 (very precise) . Loss on time!?} 0-1

[Event "FIDE Zonal 4-2 Open 2023"]
[Site "Dimbroko"]
[Date "2023.03.29"]
[Round "6.10"]
[White "Joel O. Ebiekuta"]
[Black "De Gondo, Simplice Armel"]
[Result "1-0"]
[ECO "E73"]
[WhiteElo "1855"]
[BlackElo "2086"]
[Annotator "TA"]
[PlyCount "37"]
[EventDate "2023.03.25"]
[EventType "swiss"]
[EventCountry "IVO"]
[SourceTitle "playchess.com"]
[Source "ChessBase"]
[SourceQuality "1"]
[TimeControl "40/5400+30:1800+30"]

1. c4 Nf6 2. Nc3 d6 3. d4 g6 4. e4 Bg7 5. Be2 O-O 6. h4 Nbd7 {[%emt 0:01:31] E73: King's Indian: Averbakh Variation without 6...c5.} 7. h5 e5 8. d5 (8. h6 $5 Bh8 $8 9. d5 $14) 8... Nc5 {[%emt 0:00:08] White is slightly better.} 9. h6 Bh8 10. Bg5 a5 11. Qc2 c6 {[%emt 0:05:32] [#]} 12. Rd1 $146 ({Predecessor:} 12. Nf3 Qe8 13. Nd2 Bd7 14. Nb3 Nxb3 15. Qxb3 Qb8 16. Rd1 a4 17. Qc2 Rc8 18. Qd3 cxd5 19. Bxf6 Bxf6 20. Nxd5 {½-½ Gungl,T (2366)-Dobrikov,M (2223) GER-ch 93rd Magdeburg 2022 (1)}) 12... Qc7 13. Bf3 Ne8 (13... cxd5 $11 14. Bxf6 {[%mdl 64] Remove Defender} (14. exd5 Bf5 $15) (14. Nxd5 Nxd5 15. cxd5 f5 $15) (14. cxd5 Bd7 $11) 14... Bxf6) 14. g4 (14. Nge2 $14) 14... f6 (14... Nf6 $11 {remains equal.}) 15. Be3 Nd7 (15... Rf7 $142) 16. dxc6 {[%emt 0:03:53] White is much more active.} (16. Be2 $16) 16... bxc6 $14 17. c5 dxc5 (17... Nxc5 $11 {and Black has nothing to worry.} 18. Be2 Be6) 18. Na4 $18 Nd6 {[%emt 0:11:59] [#]} 19. Nxc5 {[%emt 0:01:52] Weighted Error Value: White=0.23 (precise) /Black=0.39} (19. Be2 $142 $1) 1-0